 Dungeon Crawl Stone Soup version 0.27-a0-1137-g3ef0f4ec91 (webtiles) character file.

Game seed: 1036483625282610245

8 robertstho the Chiller (level 2, -21/13 HPs)
             Began as a Vine Stalker Ice Elementalist on May 6, 2021.
             Killed by an exploding jackal (26 damage)
             ... ignited by their inner flame
             ... on level 1 of the Dungeon.
             The game lasted 00:01:00 (278 turns).

robertstho the Chiller (VSIE)                        Turns: 278, Time: 00:01:01

Health: -21/13     AC:  2    Str: 10    XL:     2   Next: 8%
Magic:  0/6        EV: 12    Int: 15    God:
Gold:   11         SH:  0    Dex: 14    Spells: 4/5 levels left

rFire    . . .     SeeInvis .   (no weapon)
rCold    . . .     Faith    .   (no shield)
rNeg     . . .     Spirit   +   a - +0 robe
rPois    .         Reflect  .   (no helmet)
rElec    .         Harm     .   (no cloak)
rCorr    .         Rampage  .   (no gloves)
Will     .....                  (no boots)
Stlth    ++........             (no amulet)
HPRegen  0.04/turn              (no ring)
MPRegen  0.10/turn              (no ring)

@: no status effects
A: fangs 2, magic shield, antimagic bite, no potion heal 2
a: no special abilities


You were on level 1 of the Dungeon.
You visited 1 branch of the dungeon, and saw 1 of its levels.

You collected 11 gold pieces.

Inventory:

Armour
 a - a +0 robe (worn)


   Skills:
 + Level 1.5 Dodging
 * Level 2.4 Stealth
 * Level 2.3 Spellcasting
 * Level 4.3 Ice Magic


You had 4 spell levels left.
You knew the following spells:

 Your Spells              Type           Power      Damage    Failure   Level
a - Freeze                Ice            56%        1d7       3%          1

Your spell library contained the following spells:

 Spells                   Type           Power      Damage    Failure   Level
 Frozen Ramparts          Ice            28%        1d4       11%         3
 Ozocubu's Armour         Ice            14%        N/A       11%         3
 Hailstorm                Conj/Ice       8%         3d4       65%         4
 Metabolic Englaciation   Hex/Ice        4%         N/A       94%         5


Dungeon Overview and Level Annotations

Branches:
Dungeon (1/15)

Altars:


Innate Abilities, Weirdness & Mutations

You have extremely sharp teeth.
When hurt, damage is shared between your health and your magic reserves.
Your bite disrupts and absorbs the magic of your enemies.
Potions cannot restore your health.


Message History

Casting: Freeze (safe; 3% risk of failure)
Confirm with . or Enter, or press ? or * to list all spells.
Aiming: Freeze (safe; 3% risk of failure)
Press: ? - help, Shift-Dir - straight line, f - jackal
Aim: a jackal You freeze the jackal.
The jackal is moderately wounded.
The jackal closely misses you. The jackal completely misses you.
Unknown command.
The jackal barely misses you. The jackal bites you. The jackal bites you.
Casting: Freeze (safe; 3% risk of failure)
Confirm with . or Enter, or press ? or * to list all spells.
Aiming: Freeze (safe; 3% risk of failure)
Press: ? - help, Shift-Dir - straight line, f/p - jackal
Aim: a jackal (moderately wounded)
You freeze the jackal.
The jackal is heavily wounded.
The jackal closely misses you.
Unknown command.
As you read the scroll labelled ZIMAASINOE, it crumbles to dust.
The scroll dissolves into smoke.
It was a scroll of fog.
The jackal misses you. The jackal barely misses you.
As you read the scroll labelled PEZIPO RUPU, it crumbles to dust.
The creatures around you are filled with an inner flame!
It was a scroll of immolation.
The jackal closely misses you. The jackal misses you.
You aren't carrying any potions.
The jackal misses you. The jackal barely misses you.
Casting: Freeze (safe; 3% risk of failure)
Confirm with . or Enter, or press ? or * to list all spells.
Aiming: Freeze (safe; 3% risk of failure)
Press: ? - help, Shift-Dir - straight line, f/p - jackal
Aim: a jackal (heavily wounded, inner flame)
You freeze the jackal.
The jackal explodes!
The fiery explosion engulfs you!!
Ouch! That really hurt!
You die...

.# #.# .# . #.# .# .#######
#.# .#### .... ..## #h# ....#
#.. §§. #.# .##.# #.#
##§#######.# .##.# ##.#
#§§§§§§§h..#
.##.##########..###§.#####..##
................@§hh§§§..§..#
#############..###§§§§###§..#
#.#...#§§#...#..#
#.#.⌠.#..#)⌠.#..#
#.#...#≈≈#...#..#
#.≈###≈≈≈≈###≈..# #..≈≈≈≈≈≈≈≈
...# #...≈≈≈≈≈≈≈≈≈ ...#
#..≈###≈≈≈≈### ..#


You could see 2 jackals.

Vanquished Creatures
  An endoplasm (D:1)
  A goblin (D:1)
  2 hobgoblins (D:1)
  2 jackals (D:1)
  A ball python (D:1)
  A frilled lizard (D:1)
8 creatures vanquished.

Notes
Turn   | Place    | Note
-------+----------+-------------------------------------------
     0 | D:1      | robertstho the Vine Stalker Ice Elementalist began the
                  | quest for the Orb.
     0 | D:1      | Reached XP level 1. HP: 9/9 MP: 4/4
    42 | D:1      | Found a faded altar of an unknown god.
   249 | D:1      | Reached XP level 2. HP: 13/13 MP: 4/6
   278 | D:1      | Killed by an exploding jackal... ignited by their inner
                  | flame

Illustrated notes

Levels and vault maps discovered:
D:1:      amcnicky_arrival_choice, layout_loops_ring,
          hellmonk_ecumenical_altar_run_dry, fountainhead

Action                   || total
-------------------------++-------
Melee: Unarmed           ||    13
       Bite              ||     5
 Cast: Freeze            ||    10
  Use: Scroll            ||     2
 Stab: Sleeping          ||     1
Armor: Robe              ||     1
Dodge: Dodged            ||    28

Table legend: (Time is in decaauts)
 A = Elapsed time spent in this place.
 B = Non-inter-level travel time spent in this place.
 C = Inter-level travel time spent in this place.
 D = Time resting spent in this place.
 E = Time spent auto-exploring this place.
 F = Levels seen in this place.
 G = Mean time per level.
                   A        B        C        D        E       F      G
               +--------+--------+--------+--------+--------+-----+--------+
         Total |    278 |    278 |      0 |      0 |    209 |   1 |  278.0 |
       Dungeon |    278 |    278 |      0 |      0 |    209 |   1 |  278.0 |
               +--------+--------+--------+--------+--------+-----+--------+

Top non-repeatable levels by time:
     D:1: 278 daAuts
